 Dungeon Sprint DCSS version 0.22-a0-618-gd6a3efe (webtiles) character file.

526738 raistware the Conqueror (level 21, 204/204 HPs)
             Began as a Formicid Fighter on July 13, 2018.
             Was the Champion of Qazlal.
             Escaped with the Orb!
             The game lasted 00:59:19 (9975 turns).

raistware the Conqueror (Formicid Fighter)          Turns: 9975, Time: 00:59:20

Health: 204/204    AC: 45    Str: 43    XL:     21   Next: 93%
Magic:  38/38      EV: 18    Int:  8    God:    Qazlal [******]
Gold:   0          SH: 53    Dex: 13    Spells: 9/37 levels left

rFire    + + .     SeeInvis +   b - +15 lance "Wyrmbane" {slay drac, rPois rF+ rC+ AC+3}
rCold    + + .     Gourm    .   a - +18 shield of the Gong {rElec rN+ MR+ EV-5}
rNeg     + . .     Faith    .   F - +5 gold dragon scales
rPois    +         Spirit   .   (helmet unavailable)
rElec    +         Reflect  +   N - +0 cloak {+Inv}
rCorr    .         Harm     .   z - +2 pair of gloves {Str+3}
MR       +++..                  o - +2 pair of boots {Fly}
Stlth    +.........             H - brooch of Shielding {Reflect SH+8}
HPRegen  0.44/turn              A - +6 ring of strength
MPRegen  0.26/turn              B - +6 ring of strength

@: flying, repel missiles
A: permanent stasis, dig shafts and tunnels, four strong arms, antennae 3
0: Orb of Zot
a: Dig, Upheaval, Elemental Force, Disaster Area, Renounce Religion, Evoke
Invisibility, Stop Flying


You escaped.
You worshipped Qazlal.
Qazlal was exalted by your worship.
You were hungry.

You visited 1 branch

Inventory:

Hand Weapons
 b - the +15 lance "Wyrmbane" (weapon) {slay drac, rPois rF+ rC+ AC+3}
   (You found it in the Dungeon)

   It affects your AC (+3).
   It protects you from fire.
   It protects you from cold.
   It protects you from poison.
 J - a +4 eudemon blade of holy wrath
Armour
 a - the +18 shield of the Gong (worn) {rElec rN+ MR+ EV-5}
   (You found it in the Dungeon)

   It affects your evasion (-5).
   It insulates you from electricity.
   It protects you from negative energy.
   It affects your resistance to hostile enchantments.
 o - a +2 pair of boots of flying (worn)
 z - a +2 pair of gloves of strength (worn)
 F - +5 gold dragon scales (worn)
 N - a +0 cloak of invisibility (worn)
 V - a +0 pair of boots of running
Jewellery
 h - the ring of the Harvest {rF+ rN++ Int+6 Dex-3}
   (You took it off a yellow draconian in the Dungeon)

   [ring of intelligence]

   It affects your intelligence (+6).
   It affects your dexterity (-3).
   It protects you from fire.
   It greatly protects you from negative energy.
 w - the ring "Esaogu" {EV+2 Slay+2 Stlth+}
   (You found it in the Dungeon)

   [ring of evasion]

   It affects your evasion (+2).
   It affects your accuracy and damage with ranged weapons and melee attacks
   (+2).
   It makes you more stealthy.
 y - the amulet of Doors {Regen+ Str+2 SInv}
   (You found it in the Dungeon)

   [amulet of regeneration]

   It affects your strength (+2).
   It lets you see invisible.
   It increases your rate of regeneration.
 A - a +6 ring of strength (left hand)
 B - a +6 ring of strength (right hand)
 G - the amulet "Juomp" {Gourm rPois Str+4 Int+2}
   (You found it in the Dungeon)

   [amulet of the gourmand]

   It allows you to eat raw meat even when not hungry.
   It affects your strength (+4).
   It affects your intelligence (+2).
   It protects you from poison.
 H - the brooch of Shielding (around neck) {Reflect SH+8}
   (You took it off a merfolk aquamancer in the Dungeon)

   [amulet of reflection]

   It shields you and reflects attacks.
   It affects your SH (+8).
 K - the amulet of Hopet {Acrobat +Blink rPois Int+4}
   (You took it off a merfolk impaler in the Dungeon)

   [amulet of the acrobat]

   It helps you evade while moving and waiting.
   It affects your intelligence (+4).
   It protects you from poison.
   It lets you blink.
 M - the amulet "Suhuc" {RegenMP rElec MP+9 Str+3}
   (You took it off a deep elf knight in the Dungeon)

   [amulet of magic regeneration]

   It increases your magic regeneration.
   It affects your strength (+3).
   It insulates you from electricity.
   It affects your magic capacity (+9).
 O - the ring of Aluem {+Blink rPois rF+ Int+2 Dex+7}
   (You took it off a balrug in the Dungeon)

   [ring of intelligence]

   It affects your intelligence (+2).
   It affects your dexterity (+7).
   It protects you from fire.
   It protects you from poison.
   It lets you blink.
 P - the ring of Phasing {EV+8}
   (You took it off a fire giant in the Dungeon)

   [ring of evasion]

   It affects your evasion (+8).
 Q - the amulet of the Four Winds {rN+ MR+++ Clar}
   (You took it off a fire giant in the Dungeon)

   [amulet of nothing]

   It protects you from negative energy.
   It affects your resistance to hostile enchantments.
   It protects you against confusion.
 R - the amulet "Riacweb" {Reflect MP+9 SH+2}
   (You found it in the Dungeon)

   [amulet of reflection]

   It shields you and reflects attacks.
   It affects your magic capacity (+9).
   It affects your SH (+2).
Wands
 C - a wand of disintegration (7)
 D - a wand of iceblast (7)
 E - a wand of acid (7)
Scrolls
 q - 4 scrolls of amnesia
 r - 6 scrolls of fog
 s - a scroll of holy word
 t - 5 scrolls of identify
 u - 5 scrolls of remove curse
 v - 2 scrolls of fear
 x - 9 scrolls of brand weapon
Potions
 d - 8 potions of might
 e - 10 potions of curing
 g - 17 potions of heal wounds
 i - 7 potions of magic
 l - 2 potions of brilliance
 m - 2 potions of invisibility
 n - 3 potions of resistance
 p - 5 potions of agility
Miscellaneous
 c - a lightning rod (4/4)
 j - 7 boxes of beasts
 k - 7 phantom mirrors
 I - 5 sacks of spiders
 L - a phial of floods
Comestibles
 f - 6 rations


   Skills:
 O Level 27 Fighting
   Level 17.1 Short Blades
 + Level 21.9(22.9) Polearms
   Level 13.3(19.1) Staves
   Level 12.4 Crossbows
 O Level 27 Armour
 O Level 27 Dodging
 O Level 27 Stealth
 + Level 23.7 Shields
 * Level 8.7 Spellcasting
 O Level 27 Invocations
 O Level 27 Evocations


You had 9 spell levels left.
You knew the following spells:

 Your Spells              Type           Power        Failure   Level  Hunger
a - Ice Form              Ice/Tmut       #.......     99%         4    ####...
b - Fulminant Prism       Conj/Hex       #.........   99%         4    ####...
c - Force Lance           Conj/Tloc      #.......     99%         4    ####...
d - Summon Horrible Thin  Summ           #.........   100%        8    #######
e - Necromutation         Tmut/Necr      #.........   100%        8    #######

Your spell library contained the following spells:

 Spells                   Type           Power        Failure   Level  Hunger
 Cause Fear               Hex            #.........   99%         4    ####...
 Magic Dart               Conj           #...         50%         1    None
 Fireball                 Conj/Fire      #.........   100%        5    ######.
 Apportation              Tloc           #.....       50%         1    None
 Conjure Flame            Conj/Fire      #.......     86%         3    ###....
 Bolt of Fire             Conj/Fire      #.........   100%        6    #######
 Bolt of Cold             Conj/Ice       #.........   100%        6    #######
 Lightning Bolt           Conj/Air       #.........   100%        5    ######.
 Bolt of Magma            Conj/Fire/Erth #.........   100%        5    ######.
 Slow                     Hex            #.......     65%         2    ##.....
 Confuse                  Hex            #.......     86%         3    ###....
 Throw Flame              Conj/Fire      #.....       65%         2    ##.....
 Throw Frost              Conj/Ice       #.....       65%         2    ##.....
 Controlled Blink         Tloc           N/A          100%        8    #######
 Mephitic Cloud           Conj/Pois/Air  #.......     86%         3    ###....
 Ring of Flames           Chrm/Fire      #.........   100%        7    #######
 Teleport Other           Tloc           #.......     86%         3    ###....
 Death's Door             Chrm/Necr      #.........   100%        8    #######
 Summon Small Mammal      Summ           #...         50%         1    None
 Bolt of Draining         Conj/Necr      #.........   100%        5    ######.
 Blink                    Tloc           N/A          65%         2    ##.....
 Iskenderun's Mystic Bla  Conj           #.......     99%         4    ####...
 Animate Dead             Necr           N/A          99%         4    ####...
 Pain                     Necr           #...         50%         1    None
 Animate Skeleton         Necr           N/A          50%         1    None
 Vampiric Draining        Necr           #.........   86%         3    ###....
 Haunt                    Necr/Summ      #.........   100%        7    #######
 Borgnjor's Revivificati  Necr           #.........   100%        8    #######
 Sticky Flame             Conj/Fire      #.......     99%         4    ####...
 Summon Ice Beast         Ice/Summ       #.......     99%         4    ####...
 Ozocubu's Armour         Chrm/Ice       #.......     86%         3    ###....
 Call Imp                 Summ           #.......     65%         2    ##.....
 Dispel Undead            Necr           #.......     100%        5    ######.
 Regeneration             Chrm/Necr      #.........   86%         3    ###....
 Sublimation of Blood     Necr           #.........   65%         2    ##.....
 Tukima's Dance           Hex            #.......     86%         3    ###....
 Summon Greater Demon     Summ           #.........   100%        7    #######
 Corpse Rot               Necr           N/A          65%         2    ##.....
 Stone Arrow              Conj/Erth      #.....       86%         3    ###....
 Swiftness                Chrm/Air       #.......     65%         2    ##.....
 Recall                   Summ/Tloc      N/A          86%         3    ###....
 Agony                    Necr           #.......     100%        5    ######.
 Spider Form              Tmut/Pois      #.........   86%         3    ###....
 Blade Hands              Tmut           #.........   100%        5    ######.
 Statue Form              Tmut/Erth      #........    100%        6    #######
 Dragon Form              Tmut           #.........   100%        7    #######
 Death Channel            Necr           #.........   100%        6    #######
 Deflect Missiles         Chrm/Air       #.........   100%        6    #######
 Throw Icicle             Conj/Ice       #.......     99%         4    ####...
 Confusing Touch          Hex            #.....       50%         1    None
 Flame Tongue             Conj/Fire      #....        50%         1    None
 Passwall                 Tmut/Erth      #.......     65%         2    ##.....
 Sticks to Snakes         Tmut           #.......     65%         2    ##.....
 Call Canine Familiar     Summ           #.......     86%         3    ###....
 Ensorcelled Hibernation  Hex/Ice        #.....       65%         2    ##.....
 Metabolic Englaciation   Hex/Ice        #.........   100%        5    ######.
 Summon Butterflies       Summ           #.......     50%         1    None
 Silence                  Hex/Air        #.........   100%        5    ######.
 Shatter                  Erth           #.........   100%        9    #######
 Dispersal                Tloc           #.........   100%        6    #######
 Static Discharge         Conj/Air       #.......     86%         3    ###....
 Corona                   Hex            #......      50%         1    None
 Alistair's Intoxication  Tmut/Pois      #.......     100%        5    ######.
 Lee's Rapid Deconstruct  Erth           #.........   100%        5    ######.
 Sandblast                Erth           #.....       50%         1    None
 Simulacrum               Ice/Necr       #.........   100%        6    #######
 Conjure Ball Lightning   Conj/Air       #.........   100%        6    #######
 Excruciating Wounds      Chrm/Necr      #.........   100%        5    ######.
 Portal Projectile        Hex/Tloc       #.....       86%         3    ###....
 Monstrous Menagerie      Summ           #.........   100%        7    #######
 Petrify                  Tmut/Erth      #.......     99%         4    ####...
 Passage of Golubria      Tloc           N/A          99%         4    ####...
 Malign Gateway           Summ/Tloc      #.........   100%        7    #######
 Tornado                  Air            #.........   100%        9    #######
 Leda's Liquefaction      Hex/Erth       #.........   99%         4    ####...
 Summon Hydra             Summ           #.........   100%        7    #######
 Shroud of Golubria       Chrm/Tloc      #.........   65%         2    ##.....
 Inner Flame              Hex/Fire       #.......     86%         3    ###....
 Beastly Appendage        Tmut           #.....       50%         1    None
 Disjunction              Tloc           #.........   100%        8    #######
 Iskenderun's Battlesphe  Conj/Chrm      #.......     100%        5    ######.
 Dazzling Spray           Conj/Hex       #.....       86%         3    ###....
 Infusion                 Chrm           #...         50%         1    None
 Song of Slaying          Chrm           #.......     65%         2    ##.....
 Spectral Weapon          Hex/Chrm       #.......     86%         3    ###....
 Searing Ray              Conj           #.....       65%         2    ##.....
 Discord                  Hex            #.........   100%        8    #######
 Summon Lightning Spire   Summ/Air       #.......     99%         4    ####...
 Summon Guardian Golem    Hex/Summ       #.......     86%         3    ###....
 Dragon's Call            Summ           #.........   100%        9    #######
 Summon Mana Viper        Hex/Summ       #.......     100%        5    ######.
 Hydra Form               Tmut           #.........   100%        6    #######
 Irradiate                Conj/Tmut      #.........   100%        5    ######.
 Gell's Gravitas          Tloc           #.........   86%         3    ###....
 Yara's Violent Unravell  Hex/Tmut       #.........   100%        5    ######.
 Infestation              Necr           #.........   100%        8    #######
 Lesser Beckoning         Tloc           #.........   86%         3    ###....
 Ignition                 Fire           #.........   100%        8    #######
 Borgnjor's Vile Clutch   Necr/Erth      #.........   100%        5    ######.


Dungeon Overview and Level Annotations

Branches:
Dungeon (1/1)

Altars:
Ashenzari
Cheibriados
Dithmenos
Elyvilon
Fedhas
Gozag
Hepliaklqana
Kikubaaqudgha
Makhleb
Nemelex Xobeh
Okawaru
Qazlal
Ru
Sif Muna
Trog
Uskayaw
Vehumet
Wu Jian
Xom
Yredelemnul
Zin
The Shining One
Beogh
Jiyva
Lugonu


Innate Abilities, Weirdness & Mutations

You cannot be hasted, slowed, berserked, paralysed or teleported.
You can dig through walls and to a lower floor.
Your four strong arms can wield two-handed weapons with a shield.
You have a pair of large antennae on your head. (SInv)


Message History

You start waiting.
You start waiting.
You start waiting.
You start waiting.
You start waiting.
You start waiting.
You start waiting.
You start waiting.
You start waiting.
You start waiting.
You start waiting.
You start waiting.
You start waiting.
You start waiting.
You start waiting.
You start waiting.
You start waiting.
You start waiting.
You start waiting.
You have escaped!

............▓..▓.......▓..▓...8©8
........{{..▓{▓▓▓.{{{.▓▓▓.▓|..)[.
......[.[...▓..▓{.{.)).▓..▓.[....
..........{.▓..{...{...{..▓......
....(...[...▓..{{).{...{..▓.....|
..|.[......{▓▓▓▓▓▓▓▓▓▓▓▓▓▓▓......
....[...{){.▓8888888888888▓.{....
▓.......▓†.[▓8).§.[......8▓......
...)...[.)..▓8..@§§..)©..8▓......
..........))▓8.§...).....8▓{...©.
....©.).).{.▓8888888888888▓▓▓▓▓▓▓
▓▓▓▓▓▓▓▓▓▓▓▓▓▓▓▓▓▓▓▓▓▓▓▓▓▓▓▓▓▓▓▓▓
.....8©8.......{▓...{.)..8©8.(..|
|.}}=.)}...}.}..▓..){})...)[.[...
.)[.[.}.[|[.....▓.}{.)))).{....))
...)[..}.[..|)).▓..)}[)).....)..[
................▓..........)(.|).


There were no monsters in sight!

Vanquished Creatures
  2 orbs of fire (D)
  An ancient lich (D)
  2 pandemonium lords (D)
  A Brimstone Fiend (D)
  A Tzitzimitl (D)
  2 Ice Fiends (D)
  2 Orb Guardians (D)
  2 liches (D)
  12 titans (D)
  A deep elf blademaster (D)
  3 Executioners (D)
  6 deep elf master archers (D)
  8 krakens (D)
  5 storm dragons (D)
  A draconian monk (D)
  A daeva (D)
  13 frost giants (D)
  16 fire giants (D)
  A draconian knight (D)
  A draconian scorcher (D)
  8 deep elf sorcerers (D)
  5 balrugs (D)
  An angel (D)
  8 ghouls (D)
  5 spriggan defenders (D)
  11 stone giants (D)
  3 ophanim (D)
  4 green draconians (D)
  2 black draconians (D)
  5 vampire knights (D)
  An apis (D)
  3 yellow draconians (D)
  2 deep elf demonologists (D)
  4 white draconians (D)
  7 deep elf annihilators (D)
  3 purple draconians (D)
  3 red draconians (D)
  11 merfolk impalers (D)
  12 ettins (D)
  7 fire dragons (D)
  2 green deaths (D)
  4 blizzard demons (D)
  10 merfolk javelineers (D)
  8 ice dragons (D)
  6 deep elf high priests (D)
  A rakshasa (D)
  2 hell beasts (D)
  2 vault guards (D)
  5 spriggan air magi (D)
  3 merfolk avatars (D)
  2 anacondas (D)
  4 satyrs (D)
  10 merfolk aquamancers (D)
  An ogre mage (D)
  5 hell hogs (D)
  A vampire mage (D)
  4 dancing weapons (D)
  7 spriggan berserkers (D)
  2 soul eaters (D)
  3 sun demons (D)
  A deep elf knight (D)
  4 skeletal warriors (D)
  2 sixfirhies (D)
  8 sea snakes (D)
  A death drake (D)
  A glowing orange brain (D)
  2 spriggan druids (D)
  A swamp dragon (D)
  4 necromancers (D)
  2 shambling mangroves (D)
  2 harpies (D)
  3 deep elf archers (D)
  2 manticores (D)
  An orb spider (shapeshifter) (D)
  10 deep elf magi (D)
  11 cyclopes (D)
  2 merfolk sirens (D)
  A rust devil (D)
  2 water nymphs (D)
  A vault sentinel (D)
  2 orange demons (D)
  A hellion (D)
  A rime drake (shapeshifter) (D)
  6 efreet (D)
  A dryad (D)
  8 ice devils (D)
  15 freezing wraiths (D)
  7 rime drakes (D)
  A tormentor (D)
  4 red devils (D)
  3 hellwings (D)
  4 polar bears (D)
  7 wind drakes (D)
  20 merfolk (D)
  4 large abominations (D)
  2 hippogriffs (D)
  A dream sheep (shapeshifter) (D)
  A vampire (D)
  2 flying skulls (D)
  9 shadows (D)
  4 air elementals (D)
  5 water elementals (D)
  2 yaks (D)
  3 neqoxecs (D)
  A steam dragon (D)
  8 fire elementals (D)
  4 insubstantial wisps (D)
  9 hell hounds (D)
  5 swamp drakes (D)
  4 ice beasts (D)
  4 necrophages (D)
  A phantom (D)
  An eye of draining (D)
  2 centaurs (D)
  3 wolves (D)
  7 wights (D)
  A crimson imp (D)
  An orc priest (D)
  2 iron imps (D)
  An iguana (D)
  4 orc wizards (D)
  2 adders (D)
  3 shadow imps (D)
  4 white imps (D)
  2 ufetubi (D)
  6 adder zombies (D)
  4 adder skeletons (D)
  2 adder simulacra (D)
  3 orcs (D)
  A bat skeleton (D)
  6 bat zombies (D)
  A hobgoblin (D)
  2 jackals (D)
  A ball python (D)
  3 ball python zombies (D)
  3 bat simulacra (D)
  A giant cockroach simulacrum (D)
  3 giant cockroach zombies (D)
  A jackal skeleton (D)
  A leopard gecko simulacrum (D)
  2 leopard gecko skeletons (D)
  A leopard gecko zombie (D)
  A quokka simulacrum (D)
  A quokka skeleton (D)
  A quokka zombie (D)
  4 fire vortices (D)
  15 tentacles (D)
574 creatures vanquished.

Vanquished Creatures (others)
  A blizzard demon (D)
  A sixfirhy (D)
  A sea snake (D)
  2 large abominations (D)
  A swamp drake (D)
  2 eyes of draining (D)
  4 white imps (D)
  An ufetubus (D)
  A giant cockroach (D)
  A fire vortex (D)
  18 tentacles (D)
33 creatures vanquished.

Grand Total: 607 creatures vanquished

Notes
Turn   | Place    | Note
-------+----------+-------------------------------------------
     0 | D        | Found the +6 Majin-Bo {vamp, Archmagi MP+6 Int+6}
     0 | D        | Found the +7 great mace "Firestarter" {inner flame, rF++}
     0 | D        | raistware the Formicid Fighter began the quest for the Orb.
     0 | D        | Reached XP level 1. HP: 18/18 MP: 1/1
     0 | D        | Found a deep blue altar of Sif Muna.
     0 | D        | Found a sacrificial altar of Ru.
     0 | D        | Found a bloodstained altar of Trog.
     0 | D        | Found a stormy altar of Qazlal.
     0 | D        | Found an iron altar of Okawaru.
     0 | D        | Found a sparkling altar of Nemelex Xobeh.
     0 | D        | Found a blossoming altar of Fedhas.
     2 | D        | Found a transporter.
     2 | D        | Found an ancient bone altar of Kikubaaqudgha.
     2 | D        | Found a viscous altar of Jiyva.
     2 | D        | Found a corrupted altar of Lugonu.
     2 | D        | Found a hazy altar of Hepliaklqana.
     2 | D        | Found a burning altar of Makhleb.
     2 | D        | Found an opulent altar of Gozag.
    19 | D        | Found the +9 heavy crossbow "Sniper" {velocity, Acc+∞ SInv}
    19 | D        | Found the +10 dark maul {crush}
    19 | D        | Found the +15 Maxwell's patent armour {-Cast -Tele rElec MR+ rCorr}
    19 | D        | Found the +18 shield of the Gong {rElec rN+ MR+ EV-5}
    19 | D        | Found the cursed +14 obsidian axe {chop, +Fly SInv *Curse}
    20 | D        | Found the +6 shillelagh "Devastator" {shatter}
    20 | D        | Found the +11 plutonium sword {*Contam Stlth-}
    20 | D        | Found the +8 lance "Wyrmbane" {slay drac, rPois rF+ rC+ AC+3}
    20 | D        | Found the +9 sword of Zonguldrok {reap}
    20 | D        | Found the cursed +13 scythe of Curses {drain, *Curse}
    20 | D        | Found the +0 sword of Power
    20 | D        | Found the +7 mace of Variability {chain chaos}
    20 | D        | Found the +7 Singing Sword
    20 | D        | Found the +7 longbow "Piercer" {penet, EV-2}
    88 | D        | Reached skill level 5 in Polearms
    88 | D        | Reached skill level 5 in Shields
    88 | D        | Reached skill level 5 in Invocations
    88 | D        | Reached XP level 2. HP: 24/24 MP: 1/5
    93 | D        | Became a worshipper of Qazlal Stormbringer
   109 | D        | Entered arena 2.
   109 | D        | Noticed a hell hound
   109 | D        | Found a transporter.
   117 | D        | Killed a hell hound
   117 | D        | Reached XP level 3. HP: 29/29 MP: 4/7
   117 | D        | Reached XP level 4. HP: 35/35 MP: 4/8
   117 | D        | Reached XP level 5. HP: 41/41 MP: 4/9
   158 | D        | Entered arena 3.
   158 | D        | Found a transporter.
   163 | D        | Reached * piety under Qazlal
   175 | D        | Entered arena 4.
   175 | D        | Noticed a fire elemental
   175 | D        | Noticed a hell hound
   175 | D        | Noticed a fire elemental
   175 | D        | Found a transporter.
   180 | D        | Killed a hell hound
   180 | D        | Reached ** piety under Qazlal
   180 | D        | Reached XP level 6. HP: 37/47 MP: 10/10
   180 | D        | Killed a fire elemental
   180 | D        | Reached skill level 5 in Armour
   188 | D        | Killed a fire elemental
   188 | D        | Reached skill level 10 in Polearms
   188 | D        | Reached XP level 7. HP: 42/52 MP: 10/12
   199 | D        | Entered arena 5.
   199 | D        | Noticed a merfolk
   199 | D        | Noticed a merfolk
   199 | D        | Noticed a merfolk
   199 | D        | Noticed a merfolk
   199 | D        | Found a transporter.
   216 | D        | Killed a merfolk
   216 | D        | Reached XP level 8. HP: 31/58 MP: 9/14
   225 | D        | Killed a merfolk
   225 | D        | Reached *** piety under Qazlal
   233 | D        | Killed a merfolk
   233 | D        | Reached skill level 5 in Short Blades
   233 | D        | Reached skill level 5 in Dodging
   251 | D        | Killed a merfolk
   339 | D        | Entered arena 6.
   339 | D        | Found a transporter.
   344 | D        | Reached **** piety under Qazlal
   351 | D        | Reached XP level 9. HP: 50/64 MP: 16/16
   362 | D        | Entered arena 7.
   373 | D        | Reached ***** piety under Qazlal
   381 | D        | Reached skill level 10 in Invocations
   388 | D        | Found a transporter.
   398 | D        | Got the ring "Esaogu" {EV+2 Slay+2 Stlth+}
   401 | D        | Entered arena 8.
   401 | D        | Noticed a rakshasa
   401 | D        | Noticed an ogre mage
   401 | D        | Noticed a vault guard
   401 | D        | Noticed a vault sentinel
   401 | D        | Noticed a vault guard
   401 | D        | Noticed a stone giant
   416 | D        | Killed a vault guard
   416 | D        | Reached skill level 5 in Fighting
   425 | D        | Killed a vault guard
   425 | D        | Reached skill level 10 in Short Blades
   425 | D        | Reached XP level 10. HP: 29/77 MP: 14/18
   425 | D        | Killed a vault sentinel
   425 | D        | Reached skill level 10 in Armour
   425 | D        | Killed an ogre mage
   443 | D        | Killed a stone giant
   462 | D        | Killed a rakshasa
   462 | D        | Reached XP level 11. HP: 46/89 MP: 10/20
   463 | D        | Found a transporter.
   555 | D        | Entered arena 9.
   555 | D        | Noticed a cyclops
   562 | D        | Reached skill level 1 in Evocations
   566 | D        | Reached ****** piety under Qazlal
   582 | D        | Killed a cyclops
   592 | D        | Found a transporter.
   638 | D        | Entered arena 10.
   639 | D        | Found a transporter.
   650 | D        | Reached skill level 1 in Crossbows
   672 | D        | Entered arena 11.
   677 | D        | Reached skill level 10 in Fighting
   695 | D        | Found a transporter.
   702 | D        | Got the Disquisition on the Shifting Traveller
   704 | D        | Got the amulet of Doors {Regen+ Str+2 SInv}
   708 | D        | Entered arena 12.
   708 | D        | Noticed an ice dragon
   708 | D        | Noticed a swamp dragon
   709 | D        | Noticed a death drake
   710 | D        | Found a transporter.
   729 | D        | Killed a death drake
   729 | D        | Reached skill level 10 in Dodging
   745 | D        | Killed a swamp dragon
   745 | D        | Reached skill level 5 in Evocations
   751 | D        | Killed an ice dragon
   751 | D        | Reached skill level 5 in Crossbows
   767 | D        | Got the ring "Xoecimaw" {MR- Str+5 Int+2}
   776 | D        | Entered arena 13.
   776 | D        | Noticed an ophan
   776 | D        | Noticed an ophan
   776 | D        | Noticed an ophan
   776 | D        | Noticed an angel
   778 | D        | Killed an angel
   778 | D        | Reached XP level 12. HP: 62/100 MP: 22/22
   779 | D        | Killed an ophan
   779 | D        | Killed an ophan
   780 | D        | Found a transporter.
   782 | D        | Killed an ophan
   951 | D        | Entered arena 14.
   951 | D        | Noticed a sea snake
   951 | D        | Noticed a merfolk javelineer
   951 | D        | Noticed a sea snake
   952 | D        | Noticed a merfolk aquamancer
   952 | D        | Noticed a merfolk javelineer
   952 | D        | Noticed a merfolk impaler
   953 | D        | Killed a merfolk javelineer
   953 | D        | Reached skill level 15 in Invocations
   953 | D        | Reached skill level 10 in Crossbows
   953 | D        | Killed a sea snake
   957 | D        | Killed a sea snake
   961 | D        | Killed a merfolk impaler
   966 | D        | Killed a merfolk javelineer
   973 | D        | Killed a merfolk aquamancer
   973 | D        | Reached XP level 13. HP: 98/109 MP: 19/24
  1000 | D        | Found a transporter.
  1012 | D        | Got Sif Muna's Guide on Protection
  1025 | D        | Entered arena 15.
  1027 | D        | Reached skill level 10 in Evocations
  1041 | D        | Found a transporter.
  1068 | D        | Entered arena 16.
  1068 | D        | Noticed a storm dragon
  1068 | D        | Noticed a storm dragon
  1069 | D        | Noticed a storm dragon
  1069 | D        | Noticed a spriggan air mage
  1070 | D        | Noticed a storm dragon
  1070 | D        | Noticed a spriggan air mage
  1071 | D        | Noticed a storm dragon
  1075 | D        | Killed a spriggan air mage
  1075 | D        | Killed a storm dragon
  1085 | D        | Killed a storm dragon
  1085 | D        | Reached skill level 15 in Armour
  1089 | D        | Killed a storm dragon
  1091 | D        | Killed a storm dragon
  1095 | D        | Killed a spriggan air mage
  1098 | D        | Killed a storm dragon
  1098 | D        | Reached skill level 15 in Fighting
  1100 | D        | Got the ring "Xeucwali" {+Blink rF+ AC+2 Slay-4}
  1110 | D        | Found a transporter.
  1122 | D        | Got the cursed ring of Pride {rN+ EV-2}
  1244 | D        | Entered arena 17.
  1247 | D        | Noticed a frost giant
  1247 | D        | Noticed a blizzard demon
  1247 | D        | Noticed an ice dragon
  1248 | D        | Noticed a blizzard demon
  1248 | D        | Noticed a blizzard demon
  1248 | D        | Noticed a frost giant
  1248 | D        | Noticed an ice dragon
  1250 | D        | Killed a blizzard demon
  1250 | D        | Killed an ice dragon
  1250 | D        | Reached XP level 14. HP: 84/124 MP: 18/26
  1250 | D        | Killed a frost giant
  1250 | D        | Killed a frost giant
  1252 | D        | Found a transporter.
  1277 | D        | Got Fuap Pis's Grimoire of Frigorific Talismans
  1300 | D        | Entered arena 18.
  1305 | D        | Found the +8 demon blade "Bloodbane" {slice, *Rage +Rage Stlth-}
  1379 | D        | Found a transporter.
  1387 | D        | Got the amulet "Juomp" {Gourm rPois Str+4 Int+2}
  1401 | D        | Got the Papyrus of Confrontation
  1627 | D        | Entered arena 19.
  1692 | D        | Found a transporter.
  1700 | D        | Got the Handbook of the Arsonist
  1715 | D        | Entered arena 20.
  1720 | D        | Noticed a white draconian
  1720 | D        | Noticed a purple draconian
  1720 | D        | Noticed a white draconian monk
  1720 | D        | Noticed a purple draconian
  1720 | D        | Noticed a green draconian
  1720 | D        | Noticed a green draconian
  1720 | D        | Noticed a purple draconian
  1720 | D        | Noticed a red draconian
  1720 | D        | Noticed a green draconian
  1720 | D        | Noticed a black draconian
  1722 | D        | Noticed a green draconian
  1722 | D        | Noticed a white draconian
  1722 | D        | Noticed a white draconian
  1726 | D        | Noticed a red draconian
  1726 | D        | Noticed a black draconian
  1729 | D        | Killed a black draconian
  1729 | D        | Killed a green draconian
  1729 | D        | Killed a purple draconian
  1729 | D        | Killed a white draconian
  1729 | D        | Killed a white draconian
  1729 | D        | Killed a green draconian
  1729 | D        | Killed a red draconian
  1729 | D        | Killed a red draconian
  1729 | D        | Reached XP level 15. HP: 67/138 MP: 28/28
  1729 | D        | Killed a white draconian monk
  1729 | D        | Reached skill level 15 in Dodging
  1729 | D        | Noticed a red draconian scorcher
  1734 | D        | Killed a red draconian scorcher
  1734 | D        | Reached skill level 15 in Evocations
  1735 | D        | Noticed a black draconian knight
  1754 | D        | Killed a black draconian knight
  1761 | D        | Got the ring of the Harvest {rF+ rN++ Int+6 Dex-3}
  1776 | D        | Found a transporter.
  1803 | D        | Got the Reference Book on the Glacial Rocks
  1815 | D        | Got Sif Muna's Almanac of Unstable Fire
  2022 | D        | Entered arena 21.
  2027 | D        | Noticed a frost giant
  2028 | D        | Noticed a frost giant
  2028 | D        | Noticed an Ice Fiend
  2049 | D        | Killed a frost giant
  2059 | D        | Killed an Ice Fiend
  2066 | D        | Killed a frost giant
  2088 | D        | Found a transporter.
  2120 | D        | Got Lott's Guide on Summoning
  2122 | D        | Got Erruc's Grimoire of Unholy Hexes
  2316 | D        | Entered arena 22.
  2321 | D        | Noticed a spriggan defender
  2322 | D        | Noticed a spriggan defender
  2323 | D        | Noticed a spriggan defender
  2329 | D        | Noticed a spriggan defender
  2330 | D        | Reached XP level 16. HP: 133/153 MP: 30/30
  2397 | D        | Found a transporter.
  2444 | D        | Entered arena 23.
  2458 | D        | Noticed a kraken
  2459 | D        | Noticed a kraken
  2459 | D        | Noticed a kraken
  2459 | D        | Noticed a kraken
  2467 | D        | Killed a kraken
  2467 | D        | Killed a kraken
  2467 | D        | Killed a kraken
  2467 | D        | Reached XP level 17. HP: 145/166 MP: 24/32
  2468 | D        | Noticed a kraken
  2468 | D        | Noticed a kraken
  2479 | D        | Killed a kraken
  2479 | D        | Reached skill level 15 in Short Blades
  2483 | D        | Killed a kraken
  2486 | D        | Noticed a kraken
  2609 | D        | Found a transporter.
  2613 | D        | Killed a kraken
  2613 | D        | Killed a kraken
  2671 | D        | Entered arena 24.
  2679 | D        | Noticed a kraken
  2680 | D        | Found the +8 Wrath of Trog {antimagic, *Rage}
  2682 | D        | Found a transporter.
  2687 | D        | Killed a kraken
  2735 | D        | Got the amulet "Valafrio" {Faith rF+ MP+9}
  2772 | D        | Got the amulet of Hopet {Acrobat +Blink rPois Int+4}
  2777 | D        | Entered arena 25.
  2786 | D        | Noticed an orb of fire
  2787 | D        | Noticed an orb of fire
  2788 | D        | Reached XP level 18. HP: 165/181 MP: 31/34
  2788 | D        | Killed an orb of fire
  2788 | D        | Reached skill level 27 in Fighting
  2788 | D        | Killed an orb of fire
  2824 | D        | Got the ring "Acoozuuf" {*Corrode rElec rC+++ Slay+2 Stlth+}
  2839 | D        | Found a transporter.
  2842 | D        | Got the ring of Aluem {+Blink rPois rF+ Int+2 Dex+7}
  2870 | D        | Got the ring "Ceeruesu" {Wiz Int+4}
  2882 | D        | Got the amulet "Zovvacri" {Faith -Tele MR++}
  2910 | D        | Entered arena 26.
  2926 | D        | Reached skill level 1 in Staves
  2926 | D        | Reached skill level 1 in Stealth
  2929 | D        | Noticed a lich
  2929 | D        | Noticed a lich
  2933 | D        | Noticed an ancient lich
  2935 | D        | Noticed an Executioner
  2942 | D        | Noticed an Executioner
  2943 | D        | Killed a lich
  2943 | D        | Reached skill level 5 in Staves
  2943 | D        | Reached skill level 5 in Stealth
  2943 | D        | Killed a lich
  2943 | D        | Reached XP level 19. HP: 189/189 MP: 36/36
  2943 | D        | Killed an ancient lich
  2943 | D        | Reached skill level 10 in Staves
  2969 | D        | Reached skill level 10 in Stealth
  2974 | D        | Reached skill level 27 in Invocations
  3017 | D        | Found a transporter.
  3031 | D        | Got Izog's Foundations of Hermeneutics
  3036 | D        | Got the ring "Dozxoaf" {rF+ Int+2 Dex+2}
  3051 | D        | Got Codghiphu's Disquisition on Assistive Toxins
  3065 | D        | Entered arena 27.
  3080 | D        | Noticed a Tzitzimitl
  3084 | D        | Noticed a Tzitzimitl
  3084 | D        | Reached skill level 27 in Armour
  3089 | D        | Found a transporter.
  3092 | D        | Reached skill level 15 in Stealth
  3093 | D        | Reached XP level 20. HP: 117/197 MP: 24/37
  3140 | D        | Got the Compendium of the Glacial Compass
  3195 | D        | Got the amulet "Suhuc" {RegenMP rElec MP+9 Str+3}
  3248 | D        | Entered arena 28.
  3259 | D        | Reached skill level 10 in Shields
  3259 | D        | Reached skill level 27 in Dodging
  3259 | D        | Reached skill level 15 in Polearms
  3259 | D        | Reached skill level 15 in Shields
  3259 | D        | Reached skill level 27 in Evocations
  3259 | D        | Reached XP level 21. HP: 109/204 MP: 38/38
  3299 | D        | Found a transporter.
  3300 | D        | Found the +5 robe of Night {Dark MR+ SInv}
  3313 | D        | Got the amulet "Riacweb" {Reflect MP+9 SH+2}
  3320 | D        | Got the Orb of Zot
  5294 | D        | Noticed Pok Jepp the pandemonium lord
  5294 | D        | Killed Pok Jepp the pandemonium lord
  5526 | D        | Noticed a Tzitzimitl
  5526 | D        | Killed a Tzitzimitl
  5898 | D        | Noticed a Brimstone Fiend
  5898 | D        | Killed a Brimstone Fiend
  6437 | D        | Learned a level 4 spell: Ice Form
  6442 | D        | Learned a level 4 spell: Fulminant Prism
  6447 | D        | Learned a level 4 spell: Force Lance
  6456 | D        | Learned a level 8 spell: Summon Horrible Things
  6529 | D        | Reached skill level 1 in Spellcasting
  6773 | D        | Reached skill level 27 in Stealth
  6783 | D        | Learned a level 8 spell: Necromutation
  7012 | D        | Reached skill level 5 in Spellcasting
  7111 | D        | Noticed Wuigad the pandemonium lord
  7111 | D        | Killed Wuigad the pandemonium lord
  9975 | D        | Escaped with the Orb!

Vault maps used:
D:        sprint_v

Skill      XL: |  1  2  3  4  5  6  7  8  9 10 11 12 13 14 15 16 17 18 19 20 21 |
---------------+----------------------------------------------------------------+-----
Polearms       | 5 8 9 10 11 12 16 21 | 21.9
Shields        | 5 7 8 9 16 23 | 23.7
Invocations    | 5 6 7 8 9 11 12 14 15 17 19 20 22 24 26 27 | 27.0
Armour         | 4 5 6 7 9 11 12 14 15 17 19 20 22 25 27 | 27.0
Dodging        | 2 3 4 5 7 9 10 11 13 14 16 17 19 21 24 27 | 27.0
Short Blades   | 3 6 10 12 14 17 | 17.1
Fighting       | 6 9 11 12 15 18 21 24 26 27 | 27.0
Evocations     | 6 9 12 14 16 18 20 22 25 27 | 27.0
Crossbows      | 7 11 12 | 12.4
Staves         | 7 13 | 13.3
Stealth        | 6 15 22 27 | 27.0
Spellcasting   | 8 |  8.7

Action                   |  1- 3 |  4- 6 |  7- 9 | 10-12 | 13-15 | 16-18 | 19-21 || total
-------------------------+-------+-------+-------+-------+-------+-------+-------++-------
Melee: Lance             |     8 |    21 |    97 |   147 |   221 |   108 |   182 ||   784
Invok: Upheaval          |       |       |     2 |       |     3 |     3 |     1 ||     9
       Disaster Area     |       |       |       |     4 |     8 |    10 |    16 ||    38
 Abil: Dig               |       |       |       |       |       |       |     4 ||     4
Evoke: Lightning rod     |       |       |       |     2 |       |       |       ||     2
  Use: Potion            |     1 |       |     2 |     3 |     5 |       |       ||    11
       Scroll            |       |       |       |       |     1 |     1 |       ||     2
  Eat: Chunk             |       |       |       |    17 |     7 |     1 |     3 ||    28
       Ration            |       |       |       |       |       |       |     3 ||     3
Armor: Gold dragon scale |     8 |     3 |    19 |    26 |    83 |    43 |     5 ||   187
Dodge: Dodged            |       |       |     2 |    12 |    49 |    16 |    12 ||    91
       Deflected         |       |       |       |     1 |     5 |     4 |     3 ||    13
Block: Shield            |    19 |    25 |    95 |   148 |   338 |   174 |    79 ||   878

Table legend:
 A = Spawn XP
 B = Non-spawn XP
 C = Spawn XP percentage of total XP
 D = Spawn monster count
 E = Non-spawn monster count
 F = Spawn count percentage of total count
 G = Total turns spent on level
                    A         B        C        D         E        F      G
               +---------+---------+-------+---------+---------+-------+---------
         Total |       0 |  444566 |   0.0 |       0 |     514 |   0.0 |  9975
               +---------+---------+-------+---------+---------+-------+---------
             D |       0 |  444566 |   0.0 |       0 |     514 |   0.0 |  9975
               +---------+---------+-------+---------+---------+-------+---------
